AoeStats
← Iguano Pop

Arabia

507012990Analyzed
1v1 RM · 16d ago on Sep 16, 2026· 38m 37s· 2 players
Game mode
Random Map
Map size
Tiny (2 player)
Population
200
Speed
Normal
Resources
Standard
Victory
Conquest
Starting age
Dark Age
Ending age
Imperial Age
RankedLock teamsTeams togetherTeam positionsShared explorationLock speedFull tech treeHidden civsTurbo modeCheats
Victory
Defeat
🇲🇽 Burgundians · Mexico
1273
+18
🇧🇷 Persians · Brazil
1314
-18
Iguano Pop
3:42 Loom
10:47 Feudal Age
10:41 Double-Bit Axe
10:39 Horse Collar
17:35 Fletching
18:31 Forging
24:16 Castle Age
23:07 Scale Mail Armor
24:43 Heavy Plow
24:36 Gold Mining
24:40 Pikeman
25:28 Scale Barding Armor
27:46 Town Watch
28:36 Wheelbarrow
31:24 Hand Cart
31:13 Husbandry
33:03 Sanctity
37:59 Imperial Age
36:28 Squires
36:45 Chain Mail Armor
36:26 Bodkin Arrow
36:47 Masonry
36:14 Cavalier
39:08 Bracer
40:12 Chemistry
ToninMarvado
1:28 Loom
11:39 Feudal Age
12:13 Double-Bit Axe
21:03 Castle Age
23:40 Forging
23:36 Crossbowman
25:21 Wheelbarrow
25:20 Gold Mining
28:10 Fletching
28:50 Padded Archer Armor
30:08 Town Watch
31:24 Scale Barding Armor
33:50 Bloodlines
34:40 Ballistics
37:10 Iron Casting
Connection lost

Rejoining the realm…

Still unreachable

The connection could not be restored.

Session expired

The server has moved on; the page needs a fresh start.